 Dungeon Crawl Stone Soup version 0.31-a0-968-g24f9ace8b5 (webtiles) character file.

Game seed: 15369071451218034162

21 olourkin the Covered (level 2, 26/26 HPs)
             Began as an Armataur Fighter on Oct 28, 2023.
             Quit the game on level 2 of the Dungeon.
             The game lasted 00:03:02 (619 turns).

olourkin the Covered (Armataur Fighter)              Turns: 619, Time: 00:03:03

Health: 26/26      AC: 10    Str: 21    XL:     2   Next: 65%
Magic:  2/2        EV:  3    Int:  8    God:
Gold:   31         SH:  4    Dex:  9    Spells: 1/1 levels left

rFire   . . .        a - +0 trident
rCold   . . .        c - +0 buckler
rNeg    . . .        i - +0 plate armour
rPois   .            (no helmet)
rElec   .            e - +0 cloak
rCorr   .            (no gloves)
SInv    .            (no barding)
Will    .....        (no amulet) Stlth
                     (no ring)
HPRegen 0.24/turn    (no ring)
MPRegen 0.08/turn

%: roll
@: no status effects
A: large, rugged brown scales 3, deformed body, armoured tail, roll, long
tongue, awkward tongue
a: no special abilities


You were on level 2 of the Dungeon.
You visited 1 branch of the dungeon, and saw 2 of its levels.

You collected 31 gold pieces.

Inventory:

Hand Weapons
 a - a +0 trident (weapon)
Missiles
 g - 13 stones
Armour
 b - a +0 scale mail
 c - a +0 buckler (worn)
 e - a +0 cloak (worn)
 i - a +0 plate armour (worn)
Jewellery
 f - an amulet of magic regeneration
Potions
 d - a potion of might
 h - a potion of attraction {unknown}


   Skills:
 - Level 2.8 Fighting
 * Level 2.1 Polearms
 + Level 4.0 Armour
 - Level 3.4 Shields


You had one spell level left.
You didn't know any spells.
Your spell library was empty.

Dungeon Overview and Level Annotations

Branches:
Dungeon (2/15)

Altars:


Innate Abilities, Weirdness & Mutations

You are completely covered in rugged brown scales. (AC +3, +7% HP)
Armour fits poorly on your strangely shaped body.
You have a long armoured tail.
You roll when moving toward enemies. (Rampage)
Your long tongue fully drains potion bottles. (2x potion effects)
Your tongue gives you trouble enunciating. (1.5x scroll delay)


Message History

You see here a +0 whip.
You see here a +0 plate armour.
i - a +0 plate armour You start removing your armour.
You continue taking off your +0 scale mail. x4
You finish taking off your +0 scale mail.
You start putting on your armour.
You continue putting on your +0 plate armour. x5
You finish putting on your +0 plate armour.
Done exploring.
There is a stone staircase leading down here.
You climb downwards.
Found a stone staircase leading down.
There is a stone staircase leading up here.
You reach to attack!
You puncture the rat!
You kill the rat!
You reach to attack!
You puncture the quokka!
You kill the quokka!
There is a stone staircase leading down here.
A rat comes into view.
Found a scroll labelled QOCLEVVUUN.
You roll towards the rat!
The rat bites you but does no damage.
You closely miss the rat. The rat barely misses you.
You barely miss the rat. The rat bites you but does no damage.
The rat bites you.
You hit the rat but do no damage. The rat barely misses you.
You hit the rat.
You kill the rat!
A kobold comes into view. It is wielding a +0 whip.
The kobold shouts!
You roll towards the kobold!
The kobold hits you with a +0 whip.
You hit the kobold.
You kill the kobold!
No target in view!
g - 13 stones (gained 3)
Things that are here:
a +0 whip; a kobold corpse A worm comes into view.
You roll towards the worm!
Are you sure you want to abandon this character and quit the game? (Confirm with "yes".)

##.## #...#### .......
#### ...#?# ##...#
#.##.####.#
#.....########.#.......#
#..........##?.....###..
#.....w@...)......??##.#
##...#####.##........#.#
## #.##.#.....##.#
..........###.#
##.............#
##.............
#.#.#####..... #.#.#
#...#. #.#. ###...#.


You could see a worm.

Vanquished Creatures
  3 ball pythons (D:1)
  A bat (D:1)
  An endoplasm (D:1)
  2 goblins (D:1)
  3 jackals (D:1)
  2 quokkas
  4 kobolds
  3 rats
19 creatures vanquished.

Notes
Turn   | Place    | Note
-------+----------+-------------------------------------------
     0 | D:1      | olourkin the Armataur Fighter began the quest for the Orb.
     0 | D:1      | Reached XP level 1. HP: 19/19 MP: 1/1
   107 | D:1      | Reached XP level 2. HP: 26/26 MP: 2/2
   369 | D:1      | Noticed a glass eye
   372 | D:1      | Found a faded altar of an unknown god.
   374 | D:1      | Noticed a great orb of eyes
   377 | D:1      | Noticed a glass eye
   377 | D:1      | Noticed a great orb of eyes
   385 | D:1      | Reached skill level 4 in Armour
   619 | D:2      | Quit the game

Illustrated notes

Levels and vault maps discovered:
D:1:      ebering_hopf_link, layout_rooms,
          hellmonk_ecumenical_altar_watching_god
D:2:      layout_loops_ring, basic_altar

Skill      XL: |  1  2 |
---------------+-------+-----
Polearms       | 2 |  2.1
Armour         | 4 |  4.0
Fighting       | |  2.8
Shields        | |  3.4

Action                     || total
---------------------------++-------
  Melee: Trident           ||    50
         Tailslap          ||     3
 Armour: Scale mail        ||    34
         Plate armour      ||     4
  Dodge: Dodged            ||    19
  Block: Buckler           ||     6

Table legend: (Time is in decaauts)
 A = Elapsed time spent in this place.
 B = Non-inter-level travel time spent in this place.
 C = Inter-level travel time spent in this place.
 D = Time resting spent in this place.
 E = Time spent auto-exploring this place.
 F = Levels seen in this place.
 G = Mean time per level.
                   A        B        C        D        E       F      G
               +--------+--------+--------+--------+--------+-----+--------+
         Total |    631 |    586 |     45 |    149 |    277 |   2 |  315.5 |
       Dungeon |    631 |    586 |     45 |    149 |    277 |   2 |  315.5 |
               +--------+--------+--------+--------+--------+-----+--------+

Top non-repeatable levels by time:
     D:1: 576 daAuts
     D:2: 55 daAuts
